Unix NetHack Version 3.7.0-89 Work-in-progress - last build Sep 7 2023 15:16:41 (8494bff02b67719303c47e298deaa89034127798,branch:master). Game began 2023-09-22 14:25:45, ended 2023-09-24 08:17:07. torpedojuice, lawful female human Cavewoman ----------------------------------------------------------------- |}}}}}}}}}.............................................}}}}}}}}}| |}-------}}}}}}}}}}}}}}}}}}}}}}}}}}}}}}}}}}}}}}}}}}}}}}}-------}| |}| --------------------- --------------------------- |}| -|}| |}| ..|}-----------------------------+------ ---------------}| -0|..}}}}|[[[.[[[-.-)))))))|H.N....@@.@ |........|}}}}}}| |00.....}|[[[[[[[|.|)))))))|.......a.@.| |........|}.....| ---.....}|--------|--------|.........@E|----------|.......)|}.....| ----- |......%^.[^...^%..^...^.+(\......a@@)[..)).)%..%.%%.{..._}.)...|...%^| |.....}|--------|--------|.......@.@0|----------|.....[.%|}%...%-----.| |.....}|*..**.*|.|%%%%%%%|.......a@@ |..%.....|}......<|[.)| |.}}}}}|*..**..%.-%%%%%%%|........@ |........|}}.}}}|.|.|.| |}-----------------------------.--- ---------------}|*..|.| |}| |}|---|.| |}| |}| |.| |}-------}}}}}}}}}}}}}}}}}}}}}}}}}}}}}}}}}}}}}}}}}}}}}}}-------}| --.| |}}}}}}}}}......%........%%............................}}}}}}}}}| 0.^| ---------------------------------------------------------------- ---- Torpedojuice the Vagrant St:18/30 Dx:18 Co:18 In:9 Wi:12 Ch:11 Lawful Dlvl:27 $:0 HP:0(55) Pw:59(59) AC:-10 Exp:13 T:31071 Satiated Latest messages: The soldier hits! The elf mummy misses! You kill the soldier! The soldier picks up a spear. The soldier picks up a helmet. The elf mummy hits! You hit the soldier! The soldier wields a spear! The soldier picks up a large shield. The elf mummy misses! The soldier zaps a wand of lightning! The bolt of lightning hits the elf mummy! The bolt of lightning whizzes by you! You are blinded by the flash! You hit the soldier. The soldier hits! It misses! It misses. You hit the soldier. You hit the soldier. The soldier hits! It misses! You kill the soldier! You destroy it! What do you want to use or apply? [biks-uz or ?*] You can see again. There are many objects here. The soldier strikes at thin air! The sergeant strikes at thin air! The jar crashes on your head and breaks into shards. The potion of paralysis evaporates. Something seems to be holding you. The soldier thrusts her short sword. The soldier hits! The soldier picks up a dagger. The invisible stalker hits! The soldier bashes with his pole cleaver. The soldier hits! The soldier throws a knife! The knife misses the soldier. A knife misses you. The soldier thrusts her short sword. The soldier hits! The soldier throws a spear! The spear misses the soldier. A spear misses you. The soldier wields a dagger! The invisible stalker hits! You die... Do you want your possessions identified? [ynq] (y) Inventory: Weapons a - the blessed rustproof +1 Excalibur (weapon in hand) w - a blessed greased +1 aklys named +1 Armor B - an uncursed +0 set of blue dragon scales (being worn) C - an uncursed burnt +0 cloak of protection (being worn) D - a blessed +1 pair of iron shoes (being worn) E - an uncursed burnt +0 pair of leather gloves (being worn) F - an uncursed +0 dwarvish iron helm (being worn) G - a cursed +0 shield of reflection (being worn) Comestibles L - an uncursed lizard corpse named kebabtallrik Rings M - an uncursed ring of polymorph control (on left hand) O - an uncursed ring of levitation Wands z - an uncursed wand of teleportation (0:2) Tools b - a blessed greased bag of holding containing 136 items i - an uncursed bugle k - an uncursed skeleton key s - an empty uncursed sack named cancellation t - an uncursed towel u - a blessed +0 unicorn horn Gems/Stones x - a blessed luckstone Contents of the bag of holding: 1768 gold pieces an uncursed +0 aklys the uncursed rustproof +0 Snickersnee an uncursed +0 pair of water walking boots an uncursed -2 pair of levitation boots an uncursed +0 elven cloak an uncursed +0 elven cloak an uncursed +0 elven cloak an uncursed +0 elven cloak an uncursed +0 elven cloak an uncursed +0 elven cloak an uncursed -1 elven cloak an uncursed +0 elven cloak an uncursed fireproof +1 dwarvish cloak an uncursed very rotted +2 dwarvish cloak a blessed +0 mummy wrapping a blessed +1 dwarvish mithril-coat an uncursed +0 set of red dragon scales an uncursed +0 set of silver dragon scales 8 uncursed C-rations an uncursed cram ration 12 uncursed food rations an uncursed food ration an uncursed fortune cookie 5 uncursed K-rations 3 uncursed tripe rations an uncursed lizard corpse named KFC a blessed scroll of enchant weapon 3 uncursed scrolls of enchant weapon a blessed scroll of amnesia an uncursed scroll of amnesia a blessed scroll of blank paper 6 uncursed scrolls of blank paper a cursed scroll of blank paper a blessed scroll of charging an uncursed scroll of confuse monster 2 uncursed scrolls of destroy armor an uncursed scroll of earth 4 uncursed scrolls of enchant armor 5 blessed scrolls of identify 2 uncursed scrolls of identify a cursed scroll of identify a blessed scroll of light 3 uncursed scrolls of light an uncursed scroll of light 2 uncursed scrolls of magic mapping an uncursed scroll of stinking cloud 6 uncursed scrolls of teleportation an uncursed scroll of teleportation an uncursed potion of object detection a blessed potion of gain energy 8 potions of holy water an uncursed potion of water 3 uncursed diluted potions of extra healing 2 uncursed potions of extra healing an uncursed potion of gain level a blessed potion of healing an uncursed potion of healing a blessed potion of healing a blessed potion of paralysis an uncursed potion of paralysis an uncursed potion of restore ability a cursed potion of restore ability 2 uncursed potions of speed an uncursed potion of speed a cursed ring of hunger a blessed +1 ring of increase accuracy an uncursed +0 ring of increase accuracy an uncursed -1 ring of protection an uncursed ring of searching an uncursed ring of searching an uncursed ring of see invisible an uncursed ring of see invisible an uncursed ring of slow digestion an uncursed ring of stealth an uncursed ring of stealth an uncursed ring of sustain ability an uncursed ring of warning an uncursed wand of cold (0:5) an uncursed wand of cold (0:7) an uncursed wand of digging (0:5) an uncursed wand of digging (0:7) an uncursed wand of fire (0:3) an uncursed wand of lightning (0:5) an uncursed wand of lightning (0:5) an uncursed wand of lightning (0:2) an uncursed wand of locking (0:4) an uncursed wand of magic missile (0:2) an uncursed wand of magic missile (0:6) an uncursed wand of magic missile (0:2) an uncursed wand of magic missile (0:1) a cursed wand of magic missile (0:5) an uncursed wand of make invisible (0:6) an uncursed wand of make invisible (0:3) an uncursed wand of make invisible (0:5) an uncursed wand of make invisible (0:5) an uncursed wand of make invisible (0:6) an uncursed wand of make invisible (0:5) an uncursed wand of make invisible (0:6) an uncursed wand of polymorph (0:3) an uncursed wand of secret door detection (0:10) an uncursed wand of sleep (0:5) an uncursed wand of sleep named multizapped (0:0) an uncursed wand of speed monster (0:3) an uncursed wand of striking (0:5) an uncursed wand of striking (0:3) an uncursed wand of striking (0:4) an uncursed wand of striking (0:8) an uncursed wand of striking (0:4) an uncursed wand of striking (0:5) an uncursed wand of teleportation (0:6) an uncursed wand of teleportation (0:0) an uncursed oil lamp a blessed brass lantern an uncursed brass lantern an uncursed can of grease (0:9) an uncursed leash an uncursed magic whistle an uncursed +0 pick-axe an uncursed +0 unicorn horn an uncursed +0 unicorn horn 4 uncursed amber stones 3 uncursed amethyst stones an uncursed aquamarine stone 2 uncursed black opals an uncursed chrysoberyl stone an uncursed citrine stone 4 uncursed diamonds 3 uncursed emeralds 3 uncursed fluorite stones 4 uncursed jasper stones an uncursed jet stone 4 uncursed opals 3 uncursed rubies an uncursed topaz stone a blessed touchstone Torpedojuice the Cavewoman's attributes: Background: You were a Vagrant, a level 13 human Cavewoman. You were lawful, on a mission for Anu who was opposed by Ishtar (neutral) and Anshar (chaotic). You started out male. You were in the Dungeons of Doom, on level 27. You entered the dungeon 31071 turns ago. You had 58302 experience points, 21698 more were needed to attain level 14. Basics: You had 0 out of 55 hit points. You had all 59 energy points (spell power). Your armor class was -10. Your wallet was empty, but you had 1768 zorkmids stashed away in your pack. Autopickup was on for '$"?!=/' plus thrown, with exceptions. Final Characteristics: Your strength was 18/30 (limit:18/100). Your dexterity was 18 (limit:18). Your constitution was 18 (limit:18). Your intelligence was 9 (limit:18). Your wisdom was 12 (limit:18). Your charisma was 11 (limit:18). Final Status: You were satiated. You were unencumbered. You were wielding a long sword. You had basic skill with long sword. Final Attributes: You were the Hand of Elbereth. You were piously aligned. You were fire resistant. You were cold resistant. You were sleep resistant. You were disintegration resistant. You were shock resistant. Your items were protected from electric shocks. You were poison resistant. You were level-drain resistant. You saw invisible. You were telepathic. You had automatic searching. You were invisible to others. You had a moderate defense bonus (+8). You were protected. You had polymorph control. You were very fast. You had reflection. You were extremely lucky. You had extra luck. Good luck did not time out for you. You are dead. Miscellaneous: You never encountered a bones level. Total elapsed playing time was 4 hours, 7 minutes and 43 seconds. Major events: Turn 1: torpedojuice the lawful human Caveman entered the dungeon 1145: attained the rank of Aborigine (level 3) 1543: entered the Gnomish Mines 3219: attained the rank of Wanderer (level 6) 4600: reached Mine Town 6747: entered Sokoban 7001: completed 1st Sokoban level 7741: completed 2nd Sokoban level 8502: completed 3rd Sokoban level 9729: completed 4th Sokoban level 10448: acquired the Sokoban bag of holding 12801: attained the rank of Vagrant (level 10) 15117: acquired the Mines' End luckstone 17853: the Oracle has been killed 18816: just blew up his bag of holding 20728: was bestowed with Snickersnee by Anu 21788: signified by divine providence, was chosen to carry Excalibur 21948: was bestowed with Trollsbane by Anu 22326: was crowned "The Hand of Elbereth" by Anu 30207: killed Medusa 31071: killed by an invisible stalker, while frozen by a potion Vanquished creatures: Medusa a glass golem a gray dragon 2 gold dragons a silver dragon a red dragon a black dragon a blue dragon a baluchitherium a demilich 2 displacer beasts a baby orange dragon a baby green dragon the Oracle a captain a lich 2 water trolls 3 clay golems 3 nurses a frost giant 6 black puddings 2 vampires a ghost a queen bee a winged gargoyle a mind flayer 3 giant mimics 2 long worms a zruty 2 fire giants 2 ogre tyrants 5 ice trolls 2 umber hulks 3 flesh golems an elven monarch 2 doppelgangers a large mimic a wumpus 4 stalkers an air elemental a fire elemental an earth elemental 2 water elementals 2 hill giants a giant mummy a black naga 3 xorns 3 giant zombies an elf-noble 10 sergeants 5 wargs 2 winter wolves 3 small mimics 3 warhorses 4 xans 3 ettin mummies 4 ogre leaders 2 quantum mechanics 13 trolls 4 sharks 5 gelatinous cubes a pyrolisk 4 large dogs 4 freezing spheres 5 flaming spheres 3 shocking spheres 2 large cats 3 tigers 4 gargoyles an ochre jelly a leocrotta a mountain centaur 2 stone giants 2 elf mummies 6 human mummies 3 red nagas a python 2 pit vipers 2 cobras 2 wraiths 4 carnivorous apes 6 ettin zombies 2 leather golems 4 Grey-elves 33 soldiers a watchman 3 chameleons 4 crocodiles 6 giant beetles a quivering blob 9 cockatrices a wolf 18 winter wolf cubs 2 lynxes a gremlin 20 leprechauns 3 orc-captains an iron piercer a mumak 7 giant spiders 2 scorpions 2 horses 4 black lights 2 forest centaurs 2 gnome rulers 4 orc mummies 3 dwarf mummies 4 ogres 4 brown puddings 5 rust monsters 8 owlbears 5 yetis 2 gold golems 3 Green-elves 6 giant eels 13 lizards 3 chickatrices a dingo a dog 4 housecats 3 jaguars 3 blue jellies a white unicorn a gray unicorn a black unicorn 4 dust vortices 2 ravens 8 plains centaurs 3 gnome mummies 8 snakes 4 water moccasins 8 apes 4 human zombies 8 Woodland-elves 6 soldier ants 4 fire ants 17 bugbears 5 imps 2 quasits 4 wood nymphs 5 water nymphs 6 mountain nymphs 13 Mordor orcs 14 Uruk-hai 4 orc shamans 11 rock piercers 6 rock moles 7 ponies 4 fog clouds 7 yellow lights 6 shriekers 4 violet fungi 24 gnome leaders 8 gnomish wizards 3 kobold mummies a black naga hatchling 2 gray oozes 3 barrow wights 5 elf zombies 2 ghouls a straw golem 3 paper golems 3 jellyfish 12 giant ants a little dog 6 floating eyes 16 dwarves 8 homunculi 3 kobold leaders 3 kobold shamans 18 hill orcs 19 rothes a rabid rat 2 centipedes 5 giant bats 2 monkeys an orc zombie 4 dwarf zombies a wererat 4 werejackals 15 iguanas 24 killer bees an acid blob 3 coyotes 4 gas spores 4 hobbits 10 manes 6 large kobolds 25 hobgoblins 5 giant rats 13 cave spiders 2 yellow molds 2 green molds a red mold 75 gnomes 12 garter snakes 3 gnome zombies 10 geckos 8 jackals 4 foxes 2 kobolds 9 goblins 3 sewer rats 9 grid bugs 7 bats 7 lichens 5 kobold zombies 8 newts 1017 creatures vanquished. No species were genocided or became extinct. Voluntary challenges: You read items or engraved 21 times. You engraved Elbereth 5 times. You never genocided any monsters. You never polymorphed an object. You used no wishes. You did not violate any of the special Sokoban rules. Achievements: You attained the rank of Aborigine. You entered the Gnomish Mines. You attained the rank of Wanderer. You entered Minetown. You entered a shop. You entered a temple. You entered Sokoban. You completed Sokoban. You attained the rank of Vagrant. You completed the Gnomish Mines. You defeated Medusa. You learned the tune to open and close the Castle's drawbridge. The Dungeons of Doom: levels 1 to 27 Level 1: Some fountains, a sink. Level 2: Some fountains. Level 3: Level 4: "leprechaun roaming" A fountain. Stairs down to The Gnomish Mines. Level 5: "stash chest (aklyses) <" Level 6: Level 7: "pool" Oracle of Delphi. Level 8: "vault" Stairs up to Sokoban, level 7. Level 9: A fountain. Level 10: "peaceful tengu" Level 11: "giant" Level 12: An altar to Anu. Level 13: Summoned by Shaman Karnov. Level 14: Many altars. Level 15: "polytrap" A fountain. Level 16: A primitive area. Level 17: A fountain. Level 18: A fountain. Level 19: "{P" A sink. Level 20: Level 21: "{P" A fountain, a sink. Level 22: Level 23: "backup mithril floor" Level 24: A throne, a fountain. Level 25: "peaceful tengu" Some altars, a fountain. Level 26: Level 27: <- You were here. A throne, a fountain. The castle. Final resting place for you, killed by an invisible stalker, while frozen by a potion. The Gnomish Mines: levels 5 to 13 Level 5: "nymph +0 dwarven cloak" Level 6: Level 7: Level 8: Many shops, a temple, some fountains. Level 9: Level 10: Level 11: Level 12: Level 13: Some fountains. Sokoban: levels 7 up to 4 Level 4: Solved. Level 5: Solved. Level 6: Solved. Level 7: Solved. Game over: ---------- / \ / REST \ / IN \ / PEACE \ / \ | torpedojuice | | 1768 Au | | killed by an | | invisible | | stalker | | | | 2023 | *| * * * | * _________)/\\_//(\/(/\)/\//\/|_)_______ Goodbye torpedojuice the Cavewoman... You died in The Dungeons of Doom on dungeon level 27 with 248862 points, and 1768 pieces of gold, after 31071 moves. You were level 13 with a maximum of 55 hit points when you died.